 Dungeon Crawl Stone Soup version 0.19.0-19-g8c6edcc (console) character file.

75 OvidiusNaso the Conjurer (level 4, -3/26 HPs)
             Began as a Kobold Conjurer on Nov 12, 2016.
             Slain by Crazy Yiuf
             ... wielding a +2 quarterstaff of chaos
              (8 damage)
             ... on level 2 of the Dungeon.
             The game lasted 00:18:29 (2112 turns).

OvidiusNaso the Conjurer (Kobold Conjurer)          Turns: 2112, Time: 00:18:30

Health: -3/26      AC:  2    Str:  5    XL:     4   Next: 55%
Magic:  0/7        EV: 15    Int: 22    God:
Gold:   147        SH:  0    Dex: 15    Spells: 2 memorised, 5 levels left

rFire  . . .     SeeInvis .     f - +0 dagger
rCold  . . .     Gourm    .     a - +0 robe
rNeg   . . .     Faith    .     (shield restricted)
rPois  .         Spirit   .     (no helmet)
rElec  .         Reflect  .     (no cloak)
rCorr  .         Harm     .     (no gloves)
MR     .....                    (no boots)
Stlth  +++.......               (no amulet)
                                (no ring)
                                (no ring)

@: brilliant
A: carnivore 3
a: no special abilities


You were on level 2 of the Dungeon.
You were not hungry.

You visited 1 branch of the dungeon, and saw 2 of its levels.

You collected 147 gold pieces.

Inventory:

Hand Weapons
 f - a +0 dagger (weapon)
 g - a +0 hunting sling
 m - a cursed -3 trident
Missiles
 e - 19 arrows
 l - 19 sling bullets
Armour
 a - a +0 robe (worn)
 j - a +0 leather armour
Scrolls
 d - a scroll of teleportation {unknown}
 i - a scroll of enchant weapon {unknown}
Potions
 n - a potion of curing {unknown}
 o - a potion of lignification {unknown}
 p - a potion of haste {unknown}
Books
 b - a book of Conjurations

   Spells                             Type                      Level
   a - Magic Dart                     Conjuration                  1
   b - Searing Ray                    Conjuration                  2
   c - Dazzling Spray                 Conjuration/Hexes            3
   d - Fulminant Prism                Conjuration/Hexes            4
   e - Iskenderun's Mystic Blast      Conjuration                  4
   f - Iskenderun's Battlesphere      Conjuration/Charms           5
Comestibles
 c - a meat ration
 h - 2 slices of pizza


   Skills:
 + Level 2.1 Fighting
 * Level 1.0 Short Blades
 + Level 2.7 Dodging
 + Level 3.6 Stealth
 + Level 2.5 Spellcasting
 + Level 4.4 Conjurations


You had 5 spell levels left.
You knew the following spells:

 Your Spells              Type           Power        Failure   Level  Hunger
a - Magic Dart            Conj           ####         1%          1    None
b - Searing Ray           Conj           #####.       1%          2    ##.....


Dungeon Overview and Level Annotations

Branches:
Dungeon (2/15)

Altars:
Xom

Annotations:
D:2 Crazy Yiuf


Innate Abilities, Weirdness & Mutations

You are small and have problems with some larger weapons.
You are carnivorous and can eat meat at any time.


Message History

Crazy Yiuf says, "Scoff song Xom!"
Crazy Yiuf hits you with a quarterstaff of chaos!
Crazy Yiuf freezes you.
* * * LOW HITPOINT WARNING * * *
Press: ? - help, v - describe, . - travel
Here: Crazy Yiuf, wielding a quarterstaff of chaos and wearing a cloak (almost dead)
An open door.
It was a potion of brilliance.
You feel clever all of a sudden. Crazy Yiuf misses you.
Casting: Magic Dart
Confirm with . or Enter, or press ? or * to list all spells.
Aiming: Magic Dart
Press: ? - help, Shift-Dir - straight line, f/p - Crazy Yiuf
Aim: Crazy Yiuf, wielding a quarterstaff of chaos and wearing a cloak (almost dead)
The magic dart hits Crazy Yiuf.
Crazy Yiuf is almost dead.
Crazy Yiuf grits, "Blight!
Trifle infinity sizzlefizz."
Crazy Yiuf hits you with a quarterstaff of chaos!
You die...

.....#.# ##.#.#.#
##.#..## .#.#.###
#......################
##...............)....##
#.....##############..#
#....## ##.# #....# #.#
##.#.# ♣♣♣♣♣##.## #.#.#
### ♣♣♣@♣..#...# ###.#.#
#...#♣.g♣.......#
)..(#.#
#..†'.♣♣♣♣......#
#####.# #)..#♣♣ ♣♣.#..##
#....# ### ♣♣#### #.####
#.# #.# #.# #.# #.#


You could see Crazy Yiuf.

Vanquished Creatures
  An adder (D:2)
  An ooze (D:2)
  A worm (D:2)
  3 leopard geckos
  5 bats (D:2)
  3 giant cockroaches
  7 goblins
  4 hobgoblins
  4 jackals (D:2)
  2 quokkas (D:2)
  A ball python (D:2)
  5 frilled lizards
  9 kobolds
  6 rats
  A fungus (D:1)
53 creatures vanquished.

Notes
Turn   | Place    | Note
-------+----------+-------------------------------------------
     0 | D:1      | OvidiusNaso the Kobold Conjurer began the quest for the Orb.
     0 | D:1      | Reached XP level 1. HP: 10/10 MP: 3/3
   251 | D:1      | Reached XP level 2. HP: 5/15 MP: 0/5
   556 | D:1      | Found a shimmering altar of Xom.
   899 | D:2      | Reached XP level 3. HP: 20/20 MP: 2/6
   913 | D:2      | Reached skill level 1 in Fighting
  1165 | D:2      | Found a runed door.
  1169 | D:2      | Noticed Crazy Yiuf
  1236 | D:2      | Learned a level 2 spell: Searing Ray
  1349 | D:2      | Reached XP level 4. HP: 26/26 MP: 1/7
  2032 | D:2      | Reached skill level 1 in Short Blades
  2112 | D:2      | Slain by Crazy Yiuf

Skill      XL: |  1  2  3  4 |
---------------+-------------+-----
Stealth        | 3 |  3.6
Fighting       | 2 |  2.1
Short Blades   | 1 |  1.0
Dodging        | |  2.7
Spellcasting   | |  2.5
Conjurations   | |  4.4

Action                   |  1- 3 |  4- 6 || total
-------------------------+-------+-------++-------
Melee: Dagger            |    63 |    30 ||    93
       Unarmed           |     8 |       ||     8
 Cast: Magic Dart        |    71 |    48 ||   119
       Searing Ray       |       |     1 ||     1
  Use: Potion            |       |     1 ||     1
  Eat: Chunk             |     5 |       ||     5
Armor: Robe              |     3 |     1 ||     4
Dodge: Dodged            |    36 |    20 ||    56
